AoeStats
← Rana1625

Oasis

507704916Analyzed
4v4 RM · 12d ago on Sep 19, 2026· 131m 46s· 8 players
Game mode
Random Map
Map size
Large (8 player)
Population
200
Speed
Normal
Resources
Standard
Victory
Conquest
Starting age
Dark Age
Ending age
Imperial Age
RankedLock teamsTeams togetherTeam positionsShared explorationLock speedFull tech treeHidden civsTurbo modeCheats
Victory
Defeat
🇨🇦 Bulgarians · Canada
1001
+11
🇺🇸 Teutons · United States
973
+12
🇨🇳 Koreans · China
960
+13
🇵🇱 Aztecs · Poland
949
+13
🇳🇿 Khmer · New Zealand
909
-13
🇦🇷 Huns · Argentina
907
-12
🇹🇼 Bohemians · Taiwan
882
-12
🇯🇵 Mongols · Japan
872
-12
PumaViolento
4:08 Loom
13:03 Feudal Age
18:50 Castle Age
17:22 Double-Bit Axe
25:32 Gold Mining
25:33 Stone Mining
31:35 Imperial Age
29:07 Crossbowman
29:12 Elite Skirmisher
30:38 Gold Shaft Mining
30:23 Horse Collar
30:57 Bow Saw
31:05 Fletching
31:16 Padded Archer Armor
31:46 Arbalester
33:21 Onager
34:24 Heavy Plow
36:32 Chemistry
36:43 Ballistics
36:37 Fortified Wall
38:35 Bodkin Arrow
49:40 Eagle Warrior
50:37 Forging
50:28 Scale Mail Armor
52:08 Elite Eagle Warrior
53:50 Iron Casting
53:31 Chain Mail Armor
61:27 Caravan
64:21 Pikeman
68:13 Garland Wars
71:45 Blast Furnace
80:52 Blast Furnace
80:25 Plate Mail Armor
79:33 Capped Ram
81:40 Siege Ram
87:16 Caravan
93:42 Man-at-Arms
100:39 Long Swordsman
101:58 Two-Handed Swordsman
104:45 Champion
117:33 Siege Onager
126:19 Atlatl
127:13 Bracer
127:30 Leather Archer Armor
tboss
0:26 Loom
11:55 Feudal Age
15:52 Castle Age
14:13 Double-Bit Axe
15:04 Horse Collar
17:11 Bow Saw
17:10 Heavy Plow
24:03 Wheelbarrow
23:17 Town Watch
24:39 Gold Mining
25:55 Hand Cart
26:32 Murder Holes
26:58 Ballistics
28:40 Squires
30:54 Stone Mining
31:20 Bloodlines
31:10 Husbandry
34:29 Imperial Age
32:34 Forging
32:30 Scale Barding Armor
32:12 Arson
32:59 Town Patrol
34:03 Iron Casting
33:48 Chain Barding Armor
34:32 Masonry
35:01 Iron Casting
35:15 Stirrups
34:58 Elite Konnik
36:35 Conscription
37:17 Blast Furnace
36:52 Plate Barding Armor
37:01 Plate Barding Armor
36:28 Scale Mail Armor
38:40 Chain Mail Armor
39:02 Crop Rotation
39:38 Plate Mail Armor
39:21 Masonry
39:34 Fletching
40:52 Chemistry
40:47 Architecture
41:04 Bodkin Arrow
42:23 Bracer
55:07 Caravan
60:24 Light Cavalry
62:02 Hussar
68:41 Gambesons
69:02 Bagains
79:49 Siege Engineers
80:38 Capped Ram
82:07 Siege Ram
89:13 Pikeman
89:49 Halberdier
91:09 Onager
92:55 Siege Onager
神乐成风
1:54 Loom
11:14 Feudal Age
12:02 Double-Bit Axe
13:52 Fletching
22:04 Castle Age
20:09 Horse Collar
20:31 Stone Mining
21:41 Gold Mining
22:24 Crossbowman
23:16 Pikeman
25:35 Bodkin Arrow
25:41 Scale Mail Armor
32:09 Ballistics
32:34 Bow Saw
34:22 Masonry
35:03 Wheelbarrow
34:48 Heavy Plow
39:22 Imperial Age
38:19 Hand Cart
39:13 Eupseong
41:40 Elite Skirmisher
44:12 Caravan
46:03 Gold Shaft Mining
46:17 Conscription
47:31 Bracer
47:38 Scale Barding Armor
47:44 Forging
47:39 Husbandry
47:00 Light Cavalry
49:06 Two-Man Saw
49:43 Chemistry
48:45 Hussar
52:11 Fortified Wall
52:33 Architecture
52:08 Siege Engineers
57:12 Elite War Wagon
58:16 Chain Barding Armor
58:32 Iron Casting
BuDrakexn
11:39 Feudal Age
16:37 Double-Bit Axe
19:28 Castle Age
18:21 Horse Collar
22:21 Wheelbarrow
22:06 Gold Mining
22:10 Stone Mining
22:23 Heavy Plow
24:26 Hand Cart
27:08 Bow Saw
28:26 Ballistics
28:24 Forging
29:11 Stone Shaft Mining
30:23 Scale Mail Armor
31:36 Iron Casting
35:34 Imperial Age
33:51 Chain Mail Armor
33:48 Squires
33:36 Arson
34:20 Loom
35:43 Elite Teutonic Knight
36:47 Crenellations
36:48 Conscription
37:49 Hoardings
38:20 Blast Furnace
38:31 Crop Rotation
39:04 Two-Man Saw
39:44 Plate Mail Armor
40:16 Chemistry
40:56 Caravan
46:10 Masonry
50:16 Cavalier
51:09 Bloodlines
51:22 Paladin
54:52 Scale Barding Armor
54:21 Pikeman
56:00 Chain Barding Armor
55:48 Halberdier
77:51 Coinage
122:53 Spies/Treason
Rana1625
3:57 Loom
13:56 Feudal Age
14:42 Horse Collar
14:50 Double-Bit Axe
15:23 Gold Mining
16:06 Stone Mining
16:45 Arson
18:43 Wheelbarrow
18:36 Bloodlines
19:48 Man-at-Arms
20:49 Forging
20:50 Scale Barding Armor
27:47 Castle Age
28:31 Husbandry
29:49 Gold Shaft Mining
28:58 Long Swordsman
31:59 Scale Mail Armor
34:39 Ballistics
34:49 Chain Mail Armor
36:30 Murder Holes
38:18 Heavy Plow
missahmiccy
0:47 Loom
12:37 Feudal Age
13:05 Double-Bit Axe
13:02 Horse Collar
17:15 Fletching
17:55 Padded Archer Armor
19:38 Wheelbarrow
19:21 Scale Mail Armor
20:50 Padded Archer Armor
26:00 Castle Age
25:24 Forging
25:28 Bloodlines
25:58 Scale Barding Armor
26:52 Gold Mining
26:53 Stone Mining
27:19 Bow Saw
28:22 Heavy Plow
27:44 Light Cavalry
28:57 Husbandry
34:28 Hand Cart
33:58 Town Watch
38:29 Imperial Age
36:24 Ballistics
36:24 Thumb Ring
37:26 Masonry
36:47 Elite Skirmisher
38:18 Gold Shaft Mining
38:46 Bodkin Arrow
39:07 Leather Archer Armor
39:41 Parthian Tactics
39:38 Chain Barding Armor
40:12 Stone Shaft Mining
40:19 Hussar
41:30 Conscription
42:19 Bracer
44:30 Iron Casting
45:15 Chemistry
45:18 Town Patrol
45:02 Elite Mangudai
45:43 Nomads
47:16 Blast Furnace
46:32 Chain Mail Armor
46:16 Pikeman
50:31 Man-at-Arms
55:01 Murder Holes
56:28 Plate Mail Armor
56:05 Squires
56:47 Heavy Camel Rider
64:10 Capped Ram
65:06 Caravan
65:42 Siege Ram
67:50 Fortified Wall
73:58 Siege Engineers
74:28 Drill
83:58 Hoardings
84:05 Hoardings
99:50 Onager
99:56 Onager
101:32 Siege Onager
皮卡皮卡
0:33 Loom
15:26 Feudal Age
16:06 Double-Bit Axe
16:04 Horse Collar
17:02 Wheelbarrow
16:12 Town Watch
21:53 Fletching
22:14 Forging
22:06 Scale Mail Armor
22:12 Scale Barding Armor
24:43 Castle Age
25:13 Padded Archer Armor
25:52 Bow Saw
25:48 Heavy Plow
26:29 Caravan
28:44 Ballistics
28:07 Treadmill Crane
30:51 Bodkin Arrow
31:54 Hand Cart
33:31 Chemistry
34:04 Town Patrol
38:12 Imperial Age
36:29 Leather Archer Armor
35:39 Elite Skirmisher
36:27 Wagenburg Tactics
36:24 Murder Holes
36:39 Husbandry
39:24 Iron Casting
39:07 Chain Mail Armor
39:01 Pikeman
39:42 Squires
39:30 Arrowslits
39:57 Masonry
39:52 Siege Engineers
40:14 Conscription
41:09 Two-Man Saw
40:46 Ring Archer Armor
40:50 Bracer
42:14 Architecture
41:14 Elite Hussite Wagon
42:26 Guilds
44:32 Blast Furnace
44:13 Houfnice
53:20 Coinage
53:57 Cavalier
53:58 Light Cavalry
55:24 Arson
56:15 Banking
55:16 Halberdier
56:34 Plate Mail Armor
58:36 Chain Barding Armor
61:49 Heavy Scorpion
63:07 Redemption
63:08 Fervor
63:19 Sanctity
63:17 Hussite Reforms
63:49 Hussite Reforms
65:19 Sanctity
65:19 Redemption
65:20 Fervor
65:27 Block Printing
65:16 Atonement
65:43 Illumination
65:21 Devotion
65:37 Herbal Medicine
73:26 Faith
75:05 Fortified Wall
75:18 Bombard Tower
79:13 Onager
91:24 Faith
On_Codeine
12:37 Feudal Age
13:17 Double-Bit Axe
13:18 Horse Collar
14:20 Wheelbarrow
22:42 Castle Age
23:38 Hand Cart
23:39 Bow Saw
23:33 Heavy Plow
23:44 Stone Mining
23:44 Gold Mining
24:51 Fortified Wall
26:07 Stone Shaft Mining
26:07 Gold Shaft Mining
32:42 Imperial Age
34:00 Crop Rotation
34:36 Conscription
34:19 Tusk Swords
34:27 Scale Barding Armor
34:32 Forging
34:57 Elite Battle Elephant
35:40 Husbandry
35:50 Bloodlines
38:10 Caravan
39:29 Chain Barding Armor
39:46 Iron Casting
41:25 Plate Barding Armor
42:53 Blast Furnace
109:47 Scale Mail Armor
110:35 Pikeman
111:30 Halberdier
Connection lost

Rejoining the realm…

Still unreachable

The connection could not be restored.

Session expired

The server has moved on; the page needs a fresh start.